IL
IOWA CUBS @ RENO ACES
08/13/2048
 
TOP OF THE 1ST
Iowa Cubs batting - Pitching for Reno Aces : RHP Takaaki Nakada
Pitching: RHP Takaaki Nakada
Batting: LHB Sumiki Okuhara 0-0: Foul Ball, location: 2F
0-1: Ball
1-1: Ground out 6-3 (Groundball, 4M, EV 85.0 MPH)
Batting: RHB Jon Aguilar 0-0: Called Strike
0-1: Fly out, F8 (Line Drive, 8LM, EV 91.9 MPH)
Batting: LHB Mark Ingram 0-0: Called Strike
0-1: Foul Ball, location: 2F
0-2: Foul Ball, location: 2F
0-2: Ball
1-2: Ground out 4-3 (Groundball, 4, EV 81.9 MPH)
Top of the 1st over - 0 runs, 0 hits, 0 errors, 0 left on base; Iowa 0 - Reno 0
BOTTOM OF THE 1ST
Reno Aces batting - Pitching for Iowa Cubs : RHP Michele Montella
Pitching: RHP Michele Montella
Batting: SHB Carlos Rodriguez 0-0: Ball
1-0: Called Strike
1-1: Swinging Strike
1-2: Ball
2-2: SINGLE (Groundball, 5D, EV 95.6 MPH)
Batting: LHB Jeff Densmore 0-0: Ball
1-0: Ball
Carlos Rodriguez steals 2nd base
2-0: Swinging Strike
2-1: Foul Ball, location: 2F
2-2: Ball
3-2: Strikes out swinging
Batting: LHB Kevin Ferguson 0-0: Called Strike
0-1: Ground out 6-3 (Groundball, 6, EV 83.8 MPH)
Carlos Rodriguez to third
Batting: LHB Steve Reinhart 0-0: Fly out, F8 (Flyball, 8LD, EV 83.1 MPH)
Bottom of the 1st over - 0 runs, 1 hit, 0 errors, 1 left on base; Iowa 0 - Reno 0
TOP OF THE 2ND
Iowa Cubs batting - Pitching for Reno Aces : RHP Takaaki Nakada
Batting: RHB Ricardo Aguinaga 0-0: Ball
1-0: Ball
2-0: Called Strike
2-1: Foul Ball, location: 2F
2-2: Ball
3-2: Fly out, F5 (Flyball, 5D, EV 96.2 MPH)
Batting: SHB Gabriel Cruz 0-0: Called Strike
0-1: Swinging Strike
0-2: Ball
1-2: Fly out, F8 (Flyball, 78M, EV 83.1 MPH)
Batting: RHB Brian Gargis 0-0: Ball
1-0: DOUBLE (Flyball, 89D, EV 109.4 MPH)
Batting: RHB Pat Barton 0-0: Ball
1-0: Foul Ball, location: 2F
1-1: Foul Ball, location: 2F
1-2: Ball
2-2: Ground out 4-3 (Groundball, 4, EV 91.9 MPH)
Top of the 2nd over - 0 runs, 1 hit, 0 errors, 1 left on base; Iowa 0 - Reno 0
BOTTOM OF THE 2ND
Reno Aces batting - Pitching for Iowa Cubs : RHP Michele Montella
Batting: RHB Cesar Chavez 0-0: Ball
1-0: Ground out 6-3 (Groundball, 6, EV 91.9 MPH)
Batting: RHB Roberto Rodriguez 0-0: Called Strike
0-1: Foul Ball, location: 2F
0-2: Ball
1-2: Ground out 6-3 (Groundball, 6, EV 83.8 MPH)
Batting: RHB Dustin Clark 0-0: Called Strike
0-1: Called Strike
0-2: Ball
1-2: Ball
2-2: Ball
3-2: Fly out, F8 (Flyball, 8LM, EV 81.2 MPH)
Bottom of the 2nd over - 0 runs, 0 hits, 0 errors, 0 left on base; Iowa 0 - Reno 0
TOP OF THE 3RD
Iowa Cubs batting - Pitching for Reno Aces : RHP Takaaki Nakada
Batting: RHB Rich Thurman 0-0: Called Strike
0-1: SINGLE (Groundball, 56D, EV 98.1 MPH)
Batting: RHB Tony Mendez 0-0: Ball
1-0: Called Strike
1-1: Ball
2-1: Fly out, F8 (Flyball, 8LD, EV 102.5 MPH)
Batting: LHB Sumiki Okuhara 0-0: Called Strike
0-1: Ball
1-1: Ball
2-1: Swinging Strike
2-2: Strikes out swinging
Batting: RHB Jon Aguilar 0-0: Foul Ball, location: 2F
0-1: Foul Ball, location: 2F
0-2: Ball
1-2: DOUBLE (Line Drive, 89D, EV 106.9 MPH)
Rich Thurman to third
Runner from 3rd tries for Home, SAFE, no throw by CF
Batting: LHB Mark Ingram 0-0: Swinging Strike
0-1: Ball
1-1: Ball
2-1: Foul Ball, location: 2F
2-2: Foul Ball, location: 2F
2-2: 2-RUN HOME RUN (Flyball, 9D, EV 96.9 MPH), Distance : 400 ft
Batting: RHB Ricardo Aguinaga 0-0: Swinging Strike
0-1: Ball
1-1: Foul Ball, location: 2F
1-2: Ball
2-2: Ball
3-2: Fly out, F9 (Flyball, 9D, EV 94.4 MPH)
Top of the 3rd over - 3 runs, 3 hits, 0 errors, 0 left on base; Iowa 3 - Reno 0
BOTTOM OF THE 3RD
Reno Aces batting - Pitching for Iowa Cubs : RHP Michele Montella
Batting: RHB Jonathan Lugo 0-0: Swinging Strike
0-1: Called Strike
0-2: Strikes out swinging
Batting: LHB Jeff Harmon 0-0: Called Strike
0-1: Swinging Strike
0-2: Ball
1-2: Ball
2-2: Strikes out swinging
Batting: SHB Carlos Rodriguez 0-0: Ball
1-0: SINGLE (Line Drive, 78S, EV 96.9 MPH)
Batting: LHB Jeff Densmore 0-0: Called Strike
Carlos Rodriguez steals 2nd base
0-1: Foul Ball, location: 2F
0-2: Strikes out swinging
Bottom of the 3rd over - 0 runs, 1 hit, 0 errors, 1 left on base; Iowa 3 - Reno 0
TOP OF THE 4TH
Iowa Cubs batting - Pitching for Reno Aces : RHP Takaaki Nakada
Batting: SHB Gabriel Cruz 0-0: Swinging Strike
0-1: Ball
1-1: Ball
2-1: Fly out, F6 (Popup, 6MD, EV 50.0 MPH)
Batting: RHB Brian Gargis 0-0: Ball
1-0: Swinging Strike
1-1: Foul Ball, location: 2F
1-2: Strikes out swinging
Batting: RHB Pat Barton 0-0: Fly out, F8 (Flyball, BS5, EV 101.9 MPH)
Top of the 4th over - 0 runs, 0 hits, 0 errors, 0 left on base; Iowa 3 - Reno 0
BOTTOM OF THE 4TH
Reno Aces batting - Pitching for Iowa Cubs : RHP Michele Montella
Batting: LHB Kevin Ferguson 0-0: Ball
1-0: Called Strike
1-1: Called Strike
1-2: Ground out 4-3 (Groundball, 4D, EV 99.4 MPH)
Batting: LHB Steve Reinhart 0-0: Ball
1-0: Called Strike
1-1: SINGLE (Line Drive, 78S, EV 105.6 MPH)
Batting: RHB Cesar Chavez 0-0: Ball
1-0: Called Strike
1-1: Foul Ball, location: 2F
1-2: Ball
2-2: Ball
3-2: Foul Ball, location: 2F
3-2: Foul Ball, location: 2F
3-2: Base on Balls
Steve Reinhart to second
Batting: RHB Roberto Rodriguez 0-0: Called Strike
0-1: Foul Ball, location: 2F
0-2: Fly out, F9 (Flyball, 9, EV 91.9 MPH)
Batting: RHB Dustin Clark 0-0: Foul Ball, location: 2F
0-1: Called Strike
0-2: Strikes out swinging
Bottom of the 4th over - 0 runs, 1 hit, 0 errors, 2 left on base; Iowa 3 - Reno 0
TOP OF THE 5TH
Iowa Cubs batting - Pitching for Reno Aces : RHP Takaaki Nakada
Batting: RHB Rich Thurman 0-0: Ball
1-0: Ground out 5-3 (Groundball, 5, EV 110.0 MPH)
Batting: RHB Tony Mendez 0-0: Called Strike
0-1: Fly out, F3 (Popup, 3, EV 78.1 MPH)
Batting: LHB Sumiki Okuhara 0-0: Ground out U3 (Groundball, 34S, EV 80.6 MPH)
Top of the 5th over - 0 runs, 0 hits, 0 errors, 0 left on base; Iowa 3 - Reno 0
BOTTOM OF THE 5TH
Reno Aces batting - Pitching for Iowa Cubs : RHP Michele Montella
Batting: RHB Jonathan Lugo 0-0: Foul Ball, location: 2F
0-1: Foul Ball, location: 2F
0-2: Ball
1-2: DOUBLE (Line Drive, 3D, EV 103.1 MPH)
Batting: LHB Jeff Harmon 0-0: Foul Ball, location: 2F
0-1: Ball
1-1: Ball
2-1: Foul Ball, location: 2F
2-2: Strikes out swinging
Batting: SHB Carlos Rodriguez 0-0: Called Strike
Jonathan Lugo steals 3rd, throwing error, E2
Jonathan Lugo scores
0-1: Ball
1-1: SINGLE (Groundball, 4MD, EV 95.6 MPH)
Batting: LHB Jeff Densmore 0-0: Called Strike
0-1: Ball
1-1: Fly out, F2 (Popup, 2LF, EV 96.2 MPH)
Batting: LHB Kevin Ferguson 0-0: Called Strike
Carlos Rodriguez steals 2nd base
0-1: Ground out U3 (Groundball, 34, EV 85.6 MPH)
Bottom of the 5th over - 1 run, 2 hits, 1 error, 1 left on base; Iowa 3 - Reno 1
TOP OF THE 6TH
Iowa Cubs batting - Pitching for Reno Aces : RHP Takaaki Nakada
Batting: RHB Jon Aguilar 0-0: Called Strike
0-1: Swinging Strike
0-2: Ball
1-2: Fly out, F5 (Popup, 56, EV 69.4 MPH)
Batting: LHB Mark Ingram 0-0: Called Strike
0-1: Ground out 4-3 (Groundball, 4, EV 96.9 MPH)
Batting: RHB Ricardo Aguinaga 0-0: Ball
1-0: Fly out, F5 (Line Drive, 56, EV 68.1 MPH)
Top of the 6th over - 0 runs, 0 hits, 0 errors, 0 left on base; Iowa 3 - Reno 1
BOTTOM OF THE 6TH
Reno Aces batting - Pitching for Iowa Cubs : RHP Michele Montella
Batting: LHB Steve Reinhart 0-0: Ball
1-0: Called Strike
1-1: Ball
2-1: Ball
3-1: Base on Balls
Batting: RHB Cesar Chavez 0-0: Ball
1-0: Ball
2-0: Ball
3-0: Called Strike
3-1: Base on Balls
Steve Reinhart to second
Batting: RHB Roberto Rodriguez 0-0: Swinging Strike
0-1: Ball
1-1: Ball
2-1: Fielders Choice at 2nd, 5-4 (Groundball, 5, EV 97.5 MPH)
Steve Reinhart to third
Pitching: RHP Jose Ramirez
Batting: RHB Dustin Clark 0-0: Foul Ball, location: 2F
0-1: Ball
1-1: Ball
2-1: Called Strike
2-2: Fielders Choice at 2nd, 1-6 (Groundball, 13, EV 73.1 MPH)
Pinch Hitting: LHB Sam Dowdy 0-0: Foul Ball, location: 2F
0-1: Ball
1-1: Foul Ball, location: 2F
1-2: Ball
2-2: Foul Ball, location: 2F
2-2: Foul Ball, location: 2F
2-2: SINGLE (Groundball, 34D, EV 95.0 MPH)
Steve Reinhart scores
Dustin Clark to second
Runner from 2nd tries for 3rd, SAFE, throw by RF made to third
Batting: LHB Jeff Harmon 0-0: Foul Ball, location: 2F
0-1: Ball
1-1: Swinging Strike
1-2: Strikes out swinging
Bottom of the 6th over - 1 run, 1 hit, 0 errors, 2 left on base; Iowa 3 - Reno 2
TOP OF THE 7TH
Iowa Cubs batting - Pitching for Reno Aces : RHP Takaaki Nakada
Now at 1B: Sam Dowdy
Now at 2B: Cesar Chavez
Batting: SHB Gabriel Cruz 0-0: Called Strike
0-1: Ground out 6-3 (Groundball, 6, EV 100.0 MPH)
Batting: RHB Brian Gargis 0-0: Called Strike
0-1: Fly out, F9 (Flyball, 89M, EV 93.1 MPH)
Batting: RHB Pat Barton 0-0: Called Strike
0-1: Ball
1-1: Ball
2-1: SINGLE (Line Drive, 78S, EV 91.9 MPH)
Batting: RHB Rich Thurman 0-0: Called Strike
0-1: Ball
1-1: Ball
Pat Barton steals 2nd base
2-1: Called Strike
2-2: Foul Ball, location: 2F
2-2: Foul Ball, location: 2F
2-2: Ground out 6-3 (Groundball, 6, EV 98.1 MPH)
Top of the 7th over - 0 runs, 1 hit, 0 errors, 1 left on base; Iowa 3 - Reno 2
BOTTOM OF THE 7TH
Reno Aces batting - Pitching for Iowa Cubs : RHP Jose Ramirez
Pitching: RHP Arnaldo Cardamenho
Batting: SHB Carlos Rodriguez 0-0: Ball
1-0: Called Strike
1-1: Called Strike
1-2: Ball
2-2: Ball
3-2: Strikes out swinging
Batting: LHB Jeff Densmore 0-0: Foul Ball, location: 2F
0-1: Ball
1-1: Ball
2-1: Foul Ball, location: 2F
2-2: Ball
3-2: Foul Ball, location: 2F
3-2: Fly out, F9 (Flyball, 89M, EV 88.8 MPH)
Batting: LHB Kevin Ferguson 0-0: Called Strike
0-1: Swinging Strike
0-2: Ball
1-2: Strikes out swinging
Bottom of the 7th over - 0 runs, 0 hits, 0 errors, 0 left on base; Iowa 3 - Reno 2
TOP OF THE 8TH
Iowa Cubs batting - Pitching for Reno Aces : RHP Takaaki Nakada
Pitching: LHP Afanasy Apatenko
Batting: RHB Tony Mendez 0-0: Ball
1-0: Ground out 6-3 (Groundball, 6, EV 81.9 MPH)
Batting: LHB Sumiki Okuhara 0-0: Called Strike
0-1: Ball
1-1: Ball
2-1: Fly out, F7 (Line Drive, 7S, EV 91.9 MPH)
Batting: RHB Jon Aguilar 0-0: Ball
1-0: Ball
2-0: Foul Ball, location: 2F
2-1: Ground out 6-3 (Groundball, 6, EV 105.6 MPH)
Top of the 8th over - 0 runs, 0 hits, 0 errors, 0 left on base; Iowa 3 - Reno 2
BOTTOM OF THE 8TH
Reno Aces batting - Pitching for Iowa Cubs : RHP Arnaldo Cardamenho
Batting: LHB Steve Reinhart 0-0: Ball
1-0: Swinging Strike
1-1: Ground out 4-3 (Groundball, 34, EV 91.9 MPH)
Batting: RHB Cesar Chavez 0-0: Ball
1-0: Ground out 6-3 (Groundball, 56S, EV 78.8 MPH)
Batting: RHB Roberto Rodriguez 0-0: Ball
1-0: Ball
2-0: Swinging Strike
2-1: Ball
3-1: Base on Balls
Batting: RHB Dustin Clark 0-0: Ball
1-0: Ball
2-0: Ball
3-0: Foul Ball, location: 2F
3-1: Called Strike
3-2: Base on Balls
Roberto Rodriguez to second
Pitching: RHP Brian Bailes
Batting: LHB Sam Dowdy 0-0: Ball
1-0: Ball
2-0: Fielders Choice at 2nd, U4 (Groundball, 4M, EV 83.1 MPH)
Bottom of the 8th over - 0 runs, 0 hits, 0 errors, 2 left on base; Iowa 3 - Reno 2
TOP OF THE 9TH
Iowa Cubs batting - Pitching for Reno Aces : LHP Afanasy Apatenko
Batting: RHB Francisco Ramirez 0-0: Called Strike
0-1: Ground out 5-3 (Groundball, 56, EV 83.1 MPH)
Batting: RHB Ricardo Aguinaga 0-0: Ball
1-0: Foul Ball, location: 2F
1-1: Foul Ball, location: 2F
1-2: Foul Ball, location: 2F
1-2: Foul Ball, location: 2F
1-2: Strikes out looking
Batting: SHB Gabriel Cruz 0-0: Ball
1-0: Ball
2-0: Called Strike
2-1: Foul Ball, location: 2F
2-2: Ball
3-2: Foul Ball, location: 2F
3-2: Foul Ball, location: 2F
3-2: Strikes out swinging
Top of the 9th over - 0 runs, 0 hits, 0 errors, 0 left on base; Iowa 3 - Reno 2
BOTTOM OF THE 9TH
Reno Aces batting - Pitching for Iowa Cubs : RHP Brian Bailes
Pitching: RHP Josh Ready
Now at 1B: Tony Mendez
Now at 3B: Ryan Walker
Batting: LHB Jeff Harmon 0-0: Ball
1-0: Swinging Strike
1-1: Called Strike
1-2: Strikes out swinging
Batting: SHB Carlos Rodriguez 0-0: Called Strike
0-1: Foul Ball, location: 2F
0-2: Ball
1-2: Strikes out looking
Batting: LHB Jeff Densmore 0-0: Ball
1-0: Foul Ball, location: 2F
1-1: Foul Ball, location: 2F
1-2: Ball
2-2: Foul Ball, location: 2F
2-2: Ball
3-2: Base on Balls
Batting: LHB Kevin Ferguson 0-0: Fly out, F8 (Flyball, 8RXD, EV 105.6 MPH)
Bottom of the 9th over - 0 runs, 0 hits, 0 errors, 1 left on base; Iowa 3 - Reno 2
Tuesday, March 28th , 2023 - OOTP Baseball 23.10 Build 110